TOP OF THE 1ST |
Cincinnati Reds batting - Pitching for Pittsburgh Pirates : RHP Don Boudreau
|
Pitching: RHP Don Boudreau
|
|
Batting: LHB Evan Torraville
|
0-0: Called Strike 0-1: Ball 1-1: Fly out, F7 (Flyball, 7LS, EV 91.9 MPH)
|
Batting: SHB Saulo Maina
|
0-0: Fly out, F9 (Flyball, 9, EV 90.6 MPH)
|
Batting: LHB Chris Grunwald
|
0-0: Called Strike 0-1: Foul Ball, location: 2F 0-2: Foul Ball, location: 2F 0-2: Ball 1-2: SINGLE (Groundball, 4MS, EV 64.4 MPH) (infield hit)
|
Batting: RHB Tony Casas
|
0-0: Swinging Strike 0-1: Called Strike 0-2: Ball 1-2: Foul Ball, location: 2F 1-2: Fly out, F6 (Flyball, 6MD, EV 92.5 MPH)
|
Top of the 1st over - 0 runs, 1 hit, 0 errors, 1 left on base; Cincinnati 0 - Pittsburgh 0 |
BOTTOM OF THE 1ST |
Pittsburgh Pirates batting - Pitching for Cincinnati Reds : RHP Ryan Sobocinski
|
Pitching: RHP Ryan Sobocinski
|
|
Batting: LHB Micah Boshnjaku
|
0-0: Called Strike 0-1: Fly out, F8 (Flyball, 8LM, EV 73.8 MPH)
|
Batting: RHB Chiel Palstermans
|
0-0: Swinging Strike 0-1: Ground out 4-3 (Groundball, 4, EV 84.4 MPH)
|
Batting: LHB Brad Pepin
|
0-0: Ground out 5-3 (Groundball, 5L, EV 88.8 MPH)
|
Bottom of the 1st over - 0 runs, 0 hits, 0 errors, 0 left on base; Cincinnati 0 - Pittsburgh 0 |
TOP OF THE 2ND |
Cincinnati Reds batting - Pitching for Pittsburgh Pirates : RHP Don Boudreau
|
Batting: RHB Willie Lazcano
|
0-0: Ball 1-0: Ball 2-0: Swinging Strike 2-1: Foul Ball, location: 2F 2-2: Ball 3-2: Foul Ball, location: 2F 3-2: Ground out 4-3 (Groundball, 4S, EV 87.5 MPH)
|
Batting: LHB Jamie Spangenberg
|
0-0: Called Strike 0-1: Foul Ball, location: 2F 0-2: Ball 1-2: Foul Ball, location: 2F 1-2: Strikes out swinging
|
Batting: RHB Mike Alm
|
0-0: Swinging Strike 0-1: Foul Ball, location: 2F 0-2: Ball 1-2: SINGLE (Line Drive, 8RS, EV 91.9 MPH)
|
Batting: RHB Fred Slade
|
0-0: Called Strike 0-1: Ball 1-1: SINGLE (Line Drive, 7LS, EV 90.0 MPH) Mike Alm to second
|
Batting: RHB Juan Reyes
|
0-0: SINGLE (Groundball, 56D, EV 107.5 MPH) Mike Alm to third Fred Slade to second Runner from 3rd tries for Home, SAFE, throw by LF to home
|
Batting: LHB Evan Torraville
|
0-0: Foul Ball, location: 2F 0-1: Foul Ball, location: 2F 0-2: Ball 1-2: Foul Ball, location: 2F 1-2: Ball 2-2: Strikes out swinging
|
Top of the 2nd over - 1 run, 3 hits, 0 errors, 2 left on base; Cincinnati 1 - Pittsburgh 0 |
BOTTOM OF THE 2ND |
Pittsburgh Pirates batting - Pitching for Cincinnati Reds : RHP Ryan Sobocinski
|
Batting: LHB Nick Rooney
|
0-0: Ball 1-0: Ball 2-0: Ball 3-0: Called Strike 3-1: Base on Balls
|
Batting: RHB David Contreras
|
0-0: Ball 1-0: Grounds into double play, 6-4-3 (Groundball, 56D, EV 83.8 MPH)
|
Batting: LHB Xavier Pittman
|
0-0: Called Strike 0-1: Ball 1-1: Called Strike 1-2: Ball 2-2: Foul Ball, location: 2F 2-2: Ground out 4-3 (Groundball, 4, EV 88.1 MPH)
|
Bottom of the 2nd over - 0 runs, 0 hits, 0 errors, 0 left on base; Cincinnati 1 - Pittsburgh 0 |
TOP OF THE 3RD |
Cincinnati Reds batting - Pitching for Pittsburgh Pirates : RHP Don Boudreau
|
Batting: SHB Saulo Maina
|
0-0: Foul Ball, location: 2F 0-1: Ball 1-1: Swinging Strike 1-2: Ball 2-2: Strikes out swinging
|
Batting: LHB Chris Grunwald
|
0-0: Called Strike 0-1: SOLO HOME RUN (Flyball, 7LD, EV 94.4 MPH), Distance : 346 ft
|
Batting: RHB Tony Casas
|
0-0: Called Strike 0-1: Fly out, F6 (Popup, 6MS, EV 77.5 MPH)
|
Batting: RHB Willie Lazcano
|
0-0: Called Strike 0-1: Ball 1-1: Ball 2-1: Ground out 4-3 (Groundball, 4, EV 81.9 MPH)
|
Top of the 3rd over - 1 run, 1 hit, 0 errors, 0 left on base; Cincinnati 2 - Pittsburgh 0 |
BOTTOM OF THE 3RD |
Pittsburgh Pirates batting - Pitching for Cincinnati Reds : RHP Ryan Sobocinski
|
Batting: SHB Jack Andrews
|
0-0: Ball 1-0: Swinging Strike 1-1: Ball 2-1: Swinging Strike 2-2: Ball 3-2: Strikes out swinging
|
Batting: SHB Brad Day
|
0-0: Called Strike 0-1: Reached on error, E4 (Groundball, 4, EV 82.5 MPH)
|
Batting: LHB Sammy Roddenberry
|
0-0: Ball Brad Day steals 3rd base 1-0: Swinging Strike 1-1: Fly out, F9 (Flyball, 89D, EV 90.6 MPH) Runner from 3rd tags up, SCORES, throw by RF
|
Batting: LHB Micah Boshnjaku
|
0-0: Called Strike 0-1: Ball 1-1: Foul Ball, location: 2F 1-2: Fly out, F8 (Line Drive, 8RM, EV 99.4 MPH)
|
Bottom of the 3rd over - 1 run, 0 hits, 1 error, 0 left on base; Cincinnati 2 - Pittsburgh 1 |
TOP OF THE 4TH |
Cincinnati Reds batting - Pitching for Pittsburgh Pirates : RHP Don Boudreau
|
Batting: LHB Jamie Spangenberg
|
0-0: Foul Ball, location: 2F 0-1: Ball 1-1: Foul Ball, location: 2F 1-2: SOLO HOME RUN (Flyball, 9D, EV 97.5 MPH), Distance : 371 ft
|
Batting: RHB Mike Alm
|
0-0: Ball 1-0: Ground out 6-3 (Groundball, 6, EV 88.8 MPH)
|
Batting: RHB Fred Slade
|
0-0: Foul Ball, location: 2F 0-1: Ground out 1-3 (Groundball, 34S, EV 66.9 MPH)
|
Batting: RHB Juan Reyes
|
0-0: Called Strike 0-1: Ball 1-1: Foul Ball, location: 2F 1-2: Ball 2-2: Ground out 6-3 (Groundball, 56, EV 85.0 MPH)
|
Top of the 4th over - 1 run, 1 hit, 0 errors, 0 left on base; Cincinnati 3 - Pittsburgh 1 |
BOTTOM OF THE 4TH |
Pittsburgh Pirates batting - Pitching for Cincinnati Reds : RHP Ryan Sobocinski
|
Batting: RHB Chiel Palstermans
|
0-0: Ball 1-0: Fly out, F8 (Flyball, 8LM, EV 88.8 MPH)
|
Batting: LHB Brad Pepin
|
0-0: Ball 1-0: SINGLE (Groundball, 6MD, EV 111.2 MPH)
|
Batting: LHB Nick Rooney
|
0-0: Ball 1-0: Called Strike 1-1: Fielders Choice at 2nd, 6-4 (Groundball, 6M, EV 85.0 MPH)
|
Batting: RHB David Contreras
|
0-0: Foul Ball, location: 2F 0-1: Ball 1-1: Ball 2-1: Foul Ball, location: 2F 2-2: Ground out 1-3 (Groundball, 13S, EV 69.4 MPH)
|
Bottom of the 4th over - 0 runs, 1 hit, 0 errors, 1 left on base; Cincinnati 3 - Pittsburgh 1 |
TOP OF THE 5TH |
Cincinnati Reds batting - Pitching for Pittsburgh Pirates : RHP Don Boudreau
|
Batting: LHB Evan Torraville
|
0-0: Called Strike 0-1: Foul Ball, location: 2F 0-2: Ball 1-2: Ground out U3 (Groundball, 34, EV 108.1 MPH)
|
Batting: SHB Saulo Maina
|
0-0: Swinging Strike 0-1: Foul Ball, location: 2F 0-2: Foul Ball, location: 2F 0-2: Ground out 5-3 (Groundball, 56, EV 88.1 MPH)
|
Batting: LHB Chris Grunwald
|
0-0: Called Strike 0-1: Ball 1-1: DOUBLE (Line Drive, 9LD, EV 100.6 MPH)
|
Batting: RHB Tony Casas
|
0-0: Foul Ball, location: 2F 0-1: Swinging Strike 0-2: Ball 1-2: Strikes out looking
|
Top of the 5th over - 0 runs, 1 hit, 0 errors, 1 left on base; Cincinnati 3 - Pittsburgh 1 |
BOTTOM OF THE 5TH |
Pittsburgh Pirates batting - Pitching for Cincinnati Reds : RHP Ryan Sobocinski
|
Batting: LHB Xavier Pittman
|
0-0: Ground out 4-3 (Groundball, 4, EV 97.5 MPH)
|
Batting: SHB Jack Andrews
|
0-0: SINGLE (Groundball, 4MD, EV 102.5 MPH)
|
Batting: SHB Brad Day
|
0-0: Swinging Strike 0-1: Ball 1-1: Foul Ball, location: 2F 1-2: Strikes out swinging
|
Batting: LHB Sammy Roddenberry
|
0-0: Called Strike 0-1: Fly out, F9 (Flyball, 9D, EV 90.0 MPH)
|
Bottom of the 5th over - 0 runs, 1 hit, 0 errors, 1 left on base; Cincinnati 3 - Pittsburgh 1 |
TOP OF THE 6TH |
Cincinnati Reds batting - Pitching for Pittsburgh Pirates : RHP Don Boudreau
|
Batting: RHB Willie Lazcano
|
0-0: Called Strike 0-1: Ground out 6-3 (Groundball, 6, EV 98.1 MPH)
|
Batting: LHB Jamie Spangenberg
|
0-0: Fly out, F8 (Flyball, 8LM, EV 91.9 MPH)
|
Batting: RHB Mike Alm
|
0-0: Called Strike 0-1: Ball 1-1: Ball 2-1: Ground out 5-3 (Groundball, 56, EV 85.6 MPH)
|
Top of the 6th over - 0 runs, 0 hits, 0 errors, 0 left on base; Cincinnati 3 - Pittsburgh 1 |
BOTTOM OF THE 6TH |
Pittsburgh Pirates batting - Pitching for Cincinnati Reds : RHP Ryan Sobocinski
|
Batting: LHB Micah Boshnjaku
|
0-0: Called Strike 0-1: Ball 1-1: Swinging Strike 1-2: Ball 2-2: Foul Ball, location: 2F 2-2: Ball 3-2: TRIPLE (Flyball, 8RXD, EV 100.6 MPH)
|
Batting: RHB Chiel Palstermans
|
0-0: Ground out 6-3 (Groundball, 6S, EV 83.1 MPH)
|
Batting: LHB Brad Pepin
|
0-0: Ball 1-0: Ball 2-0: Ball 3-0: Called Strike 3-1: Base on Balls
|
Batting: LHB Nick Rooney
|
0-0: DOUBLE (Flyball, 8LXD, EV 94.4 MPH) Micah Boshnjaku scores Brad Pepin to third
|
Batting: RHB David Contreras
|
0-0: Swinging Strike 0-1: Ground out 3-1 (Groundball, 34S, EV 63.8 MPH)
|
Batting: LHB Xavier Pittman
|
0-0: Called Strike 0-1: Called Strike 0-2: Ball 1-2: Ball 2-2: Foul Ball, location: 2F 2-2: Ball 3-2: Foul Ball, location: 2F 3-2: SINGLE (Groundball, 4M, EV 108.8 MPH) (infield hit) Brad Pepin scores Nick Rooney to third
|
Batting: SHB Jack Andrews
|
0-0: Ball 1-0: Swinging Strike 1-1: Ball 2-1: Ball 3-1: 3-RUN HOME RUN (Line Drive, 9LD, EV 104.4 MPH), Distance : 376 ft
|
Pitching: RHP Jay Rapini
|
|
Batting: SHB Brad Day
|
0-0: Ball 1-0: Ball 2-0: Foul Ball, location: 2F 2-1: Foul Ball, location: 2F 2-2: Ball 3-2: Strikes out looking
|
Bottom of the 6th over - 5 runs, 4 hits, 0 errors, 0 left on base; Cincinnati 3 - Pittsburgh 6 |
TOP OF THE 7TH |
Cincinnati Reds batting - Pitching for Pittsburgh Pirates : RHP Don Boudreau
|
Batting: RHB Fred Slade
|
0-0: Swinging Strike 0-1: Ball 1-1: Ground out 6-3 (Groundball, 6, EV 86.2 MPH)
|
Batting: RHB Juan Reyes
|
0-0: Ball 1-0: Ball 2-0: Ball 3-0: Foul Ball, location: 2F 3-1: Foul Ball, location: 2F 3-2: Foul Ball, location: 2F 3-2: Foul Ball, location: 2F 3-2: Strikes out swinging
|
Batting: LHB Evan Torraville
|
0-0: Ball 1-0: Ball 2-0: Ground out 2-3 (Groundball, 2L, EV 64.4 MPH)
|
Top of the 7th over - 0 runs, 0 hits, 0 errors, 0 left on base; Cincinnati 3 - Pittsburgh 6 |
BOTTOM OF THE 7TH |
Pittsburgh Pirates batting - Pitching for Cincinnati Reds : RHP Jay Rapini
|
Batting: LHB Sammy Roddenberry
|
0-0: Foul Ball, location: 2F 0-1: Called Strike 0-2: Ball 1-2: Ball 2-2: SINGLE (Groundball, 6MD, EV 101.2 MPH)
|
Batting: LHB Micah Boshnjaku
|
0-0: Foul Ball, location: 2F 0-1: Ball 1-1: Ball 2-1: Fielders Choice at 2nd, U6 (Groundball, P, EV 85.6 MPH)
|
Batting: RHB Chiel Palstermans
|
0-0: Ball 1-0: Ball 2-0: Fly out, F4 (Line Drive, 4, EV 68.1 MPH)
|
Batting: LHB Brad Pepin
|
0-0: Called Strike Micah Boshnjaku steals 2nd base (no throw) 0-1: Ball 1-1: Intentional Walk
|
Batting: LHB Nick Rooney
|
0-0: Ball 1-0: Ball 2-0: Fly out, F2 (Popup, 2L, EV 93.8 MPH)
|
Bottom of the 7th over - 0 runs, 1 hit, 0 errors, 2 left on base; Cincinnati 3 - Pittsburgh 6 |
TOP OF THE 8TH |
Cincinnati Reds batting - Pitching for Pittsburgh Pirates : RHP Don Boudreau
|
Pitching: LHP Jimmy Vanthournoutingtonle
|
|
Batting: SHB Saulo Maina
|
0-0: Foul Ball, location: 2F 0-1: Foul Ball, location: 2F 0-2: Ball 1-2: Foul Ball, location: 2F 1-2: Ball 2-2: Ball 3-2: Strikes out looking
|
Batting: LHB Chris Grunwald
|
0-0: Foul Ball, location: 2F 0-1: Foul Ball, location: 2F 0-2: Ball 1-2: Strikes out swinging
|
Batting: RHB Tony Casas
|
0-0: Ball 1-0: Ball 2-0: Ball 3-0: Foul Ball, location: 2F 3-1: Ground out 5-3 (Groundball, 56, EV 83.1 MPH)
|
Top of the 8th over - 0 runs, 0 hits, 0 errors, 0 left on base; Cincinnati 3 - Pittsburgh 6 |
BOTTOM OF THE 8TH |
Pittsburgh Pirates batting - Pitching for Cincinnati Reds : RHP Jay Rapini
|
Pitching: RHP Robbie Delgado
|
|
Batting: RHB David Contreras
|
0-0: Ground out 6-3 (Groundball, 6, EV 90.6 MPH)
|
Batting: LHB Xavier Pittman
|
0-0: Swinging Strike 0-1: Swinging Strike 0-2: Foul Ball, location: 2F 0-2: Ball 1-2: Strikes out swinging
|
Batting: SHB Jack Andrews
|
0-0: Ball 1-0: Called Strike 1-1: Ball 2-1: Ball 3-1: Ground out U3 (Groundball, 3, EV 78.1 MPH)
|
Bottom of the 8th over - 0 runs, 0 hits, 0 errors, 0 left on base; Cincinnati 3 - Pittsburgh 6 |
TOP OF THE 9TH |
Cincinnati Reds batting - Pitching for Pittsburgh Pirates : LHP Jimmy Vanthournoutingtonle
|
Pitching: RHP Jeremy Kennie
|
|
Now at 3B: Trevor Weareorwear
|
|
Batting: RHB Willie Lazcano
|
0-0: Fly out, F9 (Flyball, 89M, EV 88.8 MPH)
|
Batting: LHB Jamie Spangenberg
|
0-0: Ball 1-0: Foul Ball, location: 2F 1-1: Ball 2-1: Called Strike 2-2: Ball 3-2: Base on Balls
|
Batting: RHB Mike Alm
|
0-0: Fly out, F7 (Flyball, 78M, EV 77.5 MPH)
|
Batting: SHB Jun Tsuda
|
0-0: SINGLE (Flyball, 78S, EV 99.4 MPH) Jamie Spangenberg to second
|
Batting: RHB Juan Reyes
|
0-0: Ball 1-0: Foul Ball, location: 2F 1-1: Called Strike 1-2: Ball 2-2: Strikes out swinging
|
Top of the 9th over - 0 runs, 1 hit, 0 errors, 2 left on base; Cincinnati 3 - Pittsburgh 6 |
|